 Dungeon Crawl Stone Soup version 0.18.1-5-g4a78601 (webtiles) character file.

21108 shmeve the Cleaver (level 12, -1/115 HPs)
             Began as a Minotaur Berserker on May 11, 2016.
             Was a High Priest of Trog.
             Slain by a boulder beetle (17 damage)
             ... on level 5 of the Lair of Beasts.
             The game lasted 00:25:47 (14055 turns).

shmeve the Cleaver (Minotaur Berserker)            Turns: 14055, Time: 00:25:49

Health: -1/115     AC: 20    Str: 26    XL:     12   Next: 51%
Magic:  3/3        EV: 11    Int:  5    God:    Trog [*****.]
Gold:   902        SH:  0    Dex: 10    Spells: 0 memorised, 11 levels left

rFire  + . .     SeeInvis .     K - +2 executioner's axe (antimagic)
rCold  . . .     Gourm    .     C - +0 plate armour
rNeg   . . .     Faith    .     (shield currently unavailable)
rPois  .         Spirit   .     (helmet restricted)
rElec  .         Dismiss  .     o - +0 cloak
rCorr  .         Reflect  .     F - +0 pair of gloves
SustAt .         Harm     .     (no boots)
MR     .....                    I - amulet of regeneration
Stlth  ..........               J - +3 ring of protection
                                G - ring of protection from fire

@: not resistant to hostile enchantments, extremely unstealthy
A: retaliatory headbutt, horns 2
a: Berserk, Trog's Hand, Brothers in Arms, Burn Spellbooks, Renounce Religion


You were on level 5 of the Lair of Beasts.
You worshipped Trog.
Trog was extremely pleased with you.
You were not hungry.

You visited 2 branches of the dungeon, and saw 13 of its levels.

You collected 902 gold pieces.

Inventory:

Hand Weapons
 m - a +0 war axe
 K - a +2 antimagic executioner's axe (weapon)
Missiles
 y - 8 steel javelins (quivered)
Armour
 o - a +0 cloak (worn)
 C - a +0 plate armour (worn)
 F - a +0 pair of gloves (worn)
Jewellery
 G - a ring of protection from fire (left hand)
 I - an amulet of regeneration (around neck)
 J - a +3 ring of protection (right hand)
Wands
 d - a wand of heal wounds (7/9)
Scrolls
 a - 5 scrolls of teleportation {unknown}
 b - 14 scrolls of identify {unknown}
 e - 5 scrolls of remove curse {unknown}
 f - a scroll of magic mapping {unknown}
 j - 7 scrolls of recharging {unknown}
 k - a scroll of blinking {unknown}
 n - 2 scrolls of immolation {unknown}
 p - a scroll of noise {unknown}
 q - a scroll of random uselessness {unknown}
 s - 2 scrolls of amnesia {unknown}
 t - a scroll of fog {unknown}
 E - a scroll of enchant armour {unknown}
 M - a scroll of vulnerability {unknown}
 P - a scroll of acquirement {unknown}
Potions
 g - 7 potions of curing
 h - 6 potions of haste {unknown}
 l - 3 potions of mutation {unknown}
 r - 4 potions of agility {unknown}
 u - a potion of cancellation {unknown}
 v - a potion of resistance {unknown}
 w - 2 potions of heal wounds {unknown}
 x - a potion of brilliance {unknown}
 z - 4 potions of cure mutation {unknown}
 A - 2 potions of lignification {unknown}
 D - a potion of invisibility {unknown}
 H - a potion of might {unknown}
 L - a potion of degeneration {unknown}
Comestibles
 c - 9 bread rations
 i - 6 meat rations
 B - 3 chunks of flesh
 N - 3 fruits
 O - a royal jelly


   Skills:
 * Level 13.1 Fighting
 * Level 13.7 Axes
 + Level 7.8 Throwing
 + Level 10.1 Armour
 + Level 9.3 Dodging


You had 11 spell levels left.
You didn't know any spells.

Dungeon Overview and Level Annotations

Branches:
Dungeon (8/15)             Temple (0/1) D:6            Lair (5/8) D:8
 Spider (0/4) Lair:3
  Swamp: Lair:3-6    Shoals: Lair:3-6

Altars:
Elyvilon
Fedhas
Kikubaaqudgha
Makhleb
Xom

Annotations:
Lair:1 exclusion: 2 oklob plants


Innate Abilities, Weirdness & Mutations

You reflexively headbutt those who attack you in melee.
You have a pair of horns on your head.


Message History

You hit the boulder beetle but do no damage.
The boulder beetle is moderately wounded.
The river rat bites you but does no damage.
The boulder beetle bites you!!
* * * LOW HITPOINT WARNING * * *
Unknown command.
You are too injured to fight recklessly!
You are too injured to fight recklessly!
Unknown command.
You hit the boulder beetle but do no damage.
The boulder beetle is moderately wounded.
You barely miss the river rat.
The river rat bites you but does no damage.
The river rat bites you.
* * * LOW HITPOINT WARNING * * *
Some of the chunks of flesh in your inventory have rotted away.
You open the boulder beetle like a pillowcase!!!
The boulder beetle is almost dead.
You closely miss the river rat. The boulder beetle bites you!
You die...

.....####........# ..P..
.......#.###.....# .##.P
.....# ####......# ###
..)..# #...###.# #
#...## ###...P# ## ..
#...####..#...### ###...
##.P#.##........##...+..
#....# #.......†#†......
##)..##.........@B# .
.....#..........†r......
.
....##P.........#..#.#..
. ###.###.........#.##
.. # ##...####.####.###
. . #...## #. ### ##..##
#. #....# .#..##


You could see a boulder beetle and a river rat.

Vanquished Creatures
  The ghost of Strat the Fighter, a journeyman VSAs of Okawaru (Lair:2)
  5 hydras
  6 elephants (Lair:5)
  2 black mambas
  3 spiny frogs
  A rime drake (Lair:2)
  2 komodo dragons
  Grinder (D:3)
  5 blink frogs
  A boulder beetle (Lair:4)
  The ghost of Crast the Twirler, an amateur GrGl (D:4)
  A redback (Lair:3)
  3 hippogriffs
  13 yaks
  A hungry ghost (D:8)
  7 water moccasins
  5 porcupines
  An ice beast (D:8)
  A sky beast (D:6)
  A black bear (D:6)
  The ghost of shmeve the Skirmisher, an amateur MiBe of Trog (D:3)
  3 orc warriors
  2 phantoms
  A necrophage (D:8)
  25 wolves
  6 ogres
  2 centaurs (D:7)
  8 crocodiles
  An elf zombie (D:8)
  Blork the orc (D:5)
  10 giant frogs
  A water moccasin zombie (D:7)
  A troll skeleton (D:8)
  2 wights (D:8)
  3 crimson imps
  2 human zombies (D:8)
  A giant frog skeleton (D:4)
  A gnoll shaman (D:4)
  6 orc priests
  6 hounds
  A centaur skeleton (D:5)
  4 iguanas
  6 worker ants
  7 orc wizards
  6 sheep (Lair:1)
  An ogre zombie (D:8)
  A hound zombie (D:5)
  2 ogre skeletons (D:8)
  A hound skeleton (D:6)
  2 mummies (D:8)
  Robin (D:3)
  A howler monkey skeleton (D:6)
  15 adders
  5 gnolls
  67 river rats
  2 shadow imps
  3 worms
  A dart slug (D:2)
  6 giant geckos
  26 orcs
  14 bats
  6 giant cockroaches
  14 goblins
  18 hobgoblins
  12 jackals
  6 kobolds
  3 quokkas
  3 ball pythons
  6 giant newts
  4 rats
  A fungus (Lair:4)
  3 plants
392 creatures vanquished.

Vanquished Creatures (others)
  A blink frog (Lair:5)
  A bat (D:2)
  A rat (D:2)
  7 fungi
  2 plants (Lair:1)
12 creatures vanquished.

Grand Total: 404 creatures vanquished

Notes
Turn   | Place    | Note
--------------------------------------------------------------
     0 | D:1      | shmeve the Minotaur Berserker began the quest for the Orb.
     0 | D:1      | Reached XP level 1. HP: 19/19 MP: 0/0
   120 | D:1      | Reached XP level 2. HP: 26/27 MP: 1/1
   459 | D:1      | Reached ** piety under Trog
   559 | D:2      | Reached skill level 1 in Throwing
   559 | D:2      | Reached XP level 3. HP: 30/33 MP: 2/2
   958 | D:2      | Found a white marble altar of Elyvilon.
  1183 | D:2      | Reached XP level 4. HP: 40/40 MP: 3/3
  1578 | D:3      | Noticed Robin
  1581 | D:3      | Reached *** piety under Trog
  1587 | D:3      | Killed Robin
  1856 | D:3      | Reached XP level 5. HP: 47/47 MP: 4/4
  1857 | D:3      | Noticed Grinder
  1871 | D:3      | Killed Grinder
  1871 | D:3      | Reached skill level 5 in Fighting
  1871 | D:3      | Reached skill level 5 in Axes
  1871 | D:3      | Reached XP level 6. HP: 56/56 MP: 5/5
  2114 | D:3      | Noticed shmeve's ghost (amateur MiBe)
  2120 | D:3      | Killed shmeve's ghost
  2319 | D:4      | Found a blossoming altar of Fedhas.
  2348 | D:4      | Reached XP level 7. HP: 44/62 MP: 6/6
  2809 | D:4      | Reached **** piety under Trog
  2896 | D:4      | Noticed Crast's ghost (amateur GrGl)
  2905 | D:4      | Killed Crast's ghost
  3039 | D:4      | Reached XP level 8. HP: 73/73 MP: 7/7
  3321 | D:5      | Entered Level 5 of the Dungeon
  3489 | D:5      | Noticed Blork the orc
  3513 | D:5      | Killed Blork the orc
  3826 | D:5      | Reached skill level 5 in Armour
  4499 | D:6      | Reached ***** piety under Trog
  4570 | D:6      | Reached skill level 5 in Dodging
  5202 | D:6      | Reached XP level 9. HP: 66/81 MP: 8/8
  5214 | D:6      | Found a staircase to the Ecumenical Temple.
  6354 | D:7      | Found a burning altar of Makhleb.
  6794 | D:8      | Received a gift from Trog
  6815 | D:8      | Reached skill level 5 in Throwing
  6835 | D:8      | Found a shimmering altar of Xom.
  6837 | D:8      | Found a shimmering altar of Xom.
  6838 | D:8      | Found a shimmering altar of Xom.
  7140 | D:8      | Found a staircase to the Lair.
  7243 | D:8      | Found an ancient bone altar of Kikubaaqudgha.
  7270 | D:8      | Reached XP level 10. HP: 73/92 MP: 9/9
  7510 | D:8      | Reached skill level 10 in Axes
  8073 | D:8      | Noticed a shock serpent
  8073 | D:8      | a swamp worm changed into a shock serpent
  8147 | D:8      | Noticed a shock serpent
  8153 | D:8      | Noticed an eye of devastation
  8157 | D:8      | Noticed a moth of wrath
  8157 | D:8      | an eye of devastation changed into a moth of wrath
  8171 | Lair:1   | Entered Level 1 of the Lair of Beasts
  8312 | Lair:1   | Reached skill level 10 in Fighting
  9101 | Lair:1   | Noticed an oklob plant
  9101 | Lair:1   | Noticed an oklob plant
  9276 | Lair:2   | Received a gift from Trog
  9794 | Lair:2   | Noticed Strat's ghost (journeyman VSAs)
  9840 | Lair:2   | Killed Strat's ghost
  9840 | Lair:2   | Reached XP level 11. HP: 77/102 MP: 10/10
 11566 | Lair:3   | Found a hole to the Spider Nest.
 11678 | Lair:3   | Noticed a four-headed hydra
 11689 | Lair:3   | Killed a ten-headed hydra
 12125 | Lair:4   | Received a gift from Trog
 12529 | Lair:4   | Noticed an eight-headed hydra
 12536 | Lair:4   | Killed an 11-headed hydra
 12912 | Lair:4   | Noticed a five-headed hydra
 12922 | Lair:4   | Killed an eight-headed hydra
 12922 | Lair:4   | Reached XP level 12. HP: 113/113 MP: 3/11
 12925 | Lair:4   | Noticed a five-headed hydra
 12930 | Lair:4   | Killed a five-headed hydra
 13707 | Lair:5   | Noticed a six-headed hydra
 13717 | Lair:5   | Killed a seven-headed hydra
 13717 | Lair:5   | Reached skill level 10 in Armour
 13981 | Lair:5   | Received a gift from Trog
 14055 | Lair:5   | Slain by a boulder beetle

Skill      XL: |  1  2  3  4  5  6  7  8  9 10 11 12 |
---------------+-------------------------------------+-----
Axes           | 4 5 6 8 9 11 13 | 13.7
Throwing       | 1 2 3 4 5 6 7 |  7.8
Fighting       | 4 5 7 8 9 11 12 13 | 13.1
Armour         | 3 4 5 7 8 9 10 | 10.1
Dodging        | 3 4 5 6 7 8 9 |  9.3

Action                   |  1- 3 |  4- 6 |  7- 9 | 10-12 || total
-------------------------+-------+-------+-------+-------++-------
Melee: Hand axe          |    94 |    24 |       |       ||   118
       Headbutt          |    13 |    12 |    74 |   100 ||   199
       War axe           |       |    59 |   112 |       ||   171
       Battleaxe         |       |       |   247 |   346 ||   593
       Executioner's axe |       |       |       |   147 ||   147
Throw: Javelin           |       |       |       |    20 ||    20
Invok: Trog's Hand       |       |     2 |       |     2 ||     4
       Berserk           |       |     1 |     5 |     6 ||    12
       Burn Spellbooks   |       |       |       |     2 ||     2
  Use: Potion            |       |       |       |     1 ||     1
  Eat: Chunk             |     1 |     3 |    22 |    15 ||    41
       Pizza             |       |       |     1 |     1 ||     2
       Beef jerky        |       |       |     1 |     1 ||     2
       Royal jelly       |       |       |     1 |       ||     1
       Fruit             |       |       |       |     6 ||     6
       Meat ration       |       |       |       |     1 ||     1
Armor: Chain mail        |    55 |    51 |   215 |    23 ||   344
       Plate armour      |       |       |       |   447 ||   447
Dodge: Dodged            |    49 |    52 |   176 |   360 ||   637
